 Dungeon Crawl Stone Soup version 0.24.0-2-g5b39cebb1c (webtiles) character file.

Game seed: 13634523768757307590, levelgen mode: deterministic

394 MTVSty1e the Poker (level 7, -1/56 HPs)
             Began as a Formicid Monk on Oct 30, 2019.
             Was a Believer of Okawaru.
             Splashed by a jelly's acid (9 damage)
             ... on level 7 of the Dungeon.
             The game lasted 00:12:34 (4844 turns).

MTVSty1e the Poker (Formicid Monk)                  Turns: 4844, Time: 00:12:34

Health: -1/56      AC: -14   Str: 18    XL:     7   Next: 9%
Magic:  7/7        EV:  5    Int: 13    God:    Okawaru [**....]
Gold:   116        SH:  3    Dex: 13    Spells: 6/6 levels left

rFire    . . .     SeeInvis +   a - +0 spear
rCold    . . .     Gourm    .   f - +0 buckler
rNeg     . . .     Faith    .   j - +0 plate armour
rPois    .         Spirit   .   (helmet unavailable)
rElec    .         Reflect  .   (no cloak)
rCorr    .         Harm     .   (no gloves)
MR       .....     Clarity  +   (no boots)
Stlth    ..........             (no amulet)
HPRegen  0.18/turn              (no ring)
MPRegen  0.10/turn              (no ring)

@: corroded
A: permanent stasis, dig shafts and tunnels, four strong arms, antennae 3,
clarity, clever 2
a: Dig, Shaft Self, Heroism, Renounce Religion


You were on level 7 of the Dungeon.
You worshipped Okawaru.
Okawaru was pleased with you.
You were not hungry.

You visited 1 branch of the dungeon, and saw 5 of its levels.

You collected 116 gold pieces.

Inventory:

Hand Weapons
 a - a +0 spear (weapon)
Armour
 d - a +0 chain mail
 f - a +0 buckler (worn)
 j - a +0 plate armour (worn)
Scrolls
 k - 2 scrolls of magic mapping
 m - 5 scrolls of identify
 n - a scroll of remove curse
Potions
 e - a potion of curing
 g - a potion of resistance
 h - 2 potions of haste
Comestibles
 c - 5 rations


   Skills:
 - Level 5.2 Fighting
 * Level 6.4 Polearms
 - Level 2.6 Dodging
 - Level 2.4 Stealth


You had 6 spell levels left.
You didn't know any spells.
Your spell library contained the following spells:

 Spells                   Type           Power        Failure   Level  Hunger
 Magic Dart               Conj           #...         100%        1    ##.....
 Call Imp                 Summ           #.......     100%        2    ###....
 Searing Ray              Conj           #.....       100%        2    ###....
 Slow                     Hex            #.......     100%        2    ###....
 Conjure Flame            Conj/Fire      #.......     100%        3    ####...
 Dazzling Spray           Conj/Hex       #.....       100%        3    ####...
 Mephitic Cloud           Conj/Pois/Air  #.......     100%        3    ####...
 Force Lance              Conj/Tloc      #.......     100%        4    #####..
 Fulminant Prism          Conj/Hex       #.........   100%        4    #####..
 Iskenderun's Mystic Bla  Conj           #.......     100%        4    #####..
 Blink                    Tloc           Unusable     N/A         2    N/A

Dungeon Overview and Level Annotations

Branches:
Dungeon (4/15)             Temple (0/1) D:4

Altars:
Hepliaklqana
Makhleb
Nemelex Xobeh
Okawaru
Qazlal
Ru
Trog
Uskayaw
Xom


Innate Abilities, Weirdness & Mutations

You cannot be hasted, slowed, berserked, paralysed or teleported.
You can dig through walls and to a lower floor.
Your four strong arms can wield two-handed weapons with a shield.
You have a pair of large antennae on your head. (SInv)
You possess an exceptional clarity of mind.
Your mind is very acute. (Int +4)


Message History

You feel invigorated. The jelly hits you.
You are splashed with acid!
* * * LOW HITPOINT WARNING * * *
You bump into the rock wall.
The jelly completely misses you.
You hit the jelly but do no damage.
Your hands burn!
* * * LOW HITPOINT WARNING * * *
The jelly is heavily wounded.
The jelly hits you.
* * * LOW HITPOINT WARNING * * *
The acid corrodes you!
You are splashed with acid!
* * * LOW HITPOINT WARNING * * *
You feel better.
You feel less invigorated. The jelly hits you.
You are splashed with acid!
* * * LOW HITPOINT WARNING * * *
Okay, then.
As you read the scroll labeled ROG OSKENUMO, it crumbles to dust.
Your nose twitches suddenly!
It was a scroll of random uselessness.
The jelly hits you.
* * * LOW HITPOINT WARNING * * *
The acid corrodes you!
You are splashed with acid!
You die...

.# .# #...# .# #...# .# #...# .#
.# #...# .# .# #...# .# .#####
#...# .#
.....########...##########.#
.###............@J.......#.#####.
## ##########...########.#.......
# #...# #....# # #...# ##...#
#...# #...# #...# ##..# {
#####...# ..# #########.......#
..# ........#.(...### ..# {


You could see a jelly.

Vanquished Creatures
  An ogre (D:3)
  A hound (D:3)
  Terence (D:1)
  A worker ant (D:3)
  11 gnolls
  7 adders
  A worm (D:2)
  A dart slug (D:1)
  4 leopard geckos
  3 orcs
  4 giant cockroaches
  4 goblins
  5 hobgoblins
  2 jackals (D:4)
  A quokka (D:2)
  A ball python (D:2)
  6 bats
  5 frilled lizards
  3 kobolds
  2 rats
64 creatures vanquished.

Notes
Turn   | Place    | Note
-------+----------+-------------------------------------------
     0 | D:1      | MTVSty1e the Formicid Monk began the quest for the Orb.
     0 | D:1      | Reached XP level 1. HP: 18/18 MP: 1/1
   300 | D:1      | Reached XP level 2. HP: 24/24 MP: 2/2
   920 | D:2      | Noticed Terence
  1048 | D:1      | Killed Terence
  1048 | D:1      | Reached skill level 4 in Polearms
  1048 | D:1      | Reached XP level 3. HP: 18/30 MP: 3/3
  1190 | D:2      | Found a sparkling altar of Nemelex Xobeh.
  1329 | D:2      | Reached XP level 4. HP: 30/37 MP: 4/4
  1659 | D:2      | Found a burning altar of Makhleb.
  1659 | D:2      | Found a shimmering altar of Xom.
  2467 | D:3      | Reached XP level 5. HP: 41/42 MP: 5/5
  2624 | D:2      | Reached skill level 5 in Polearms
  3250 | D:3      | Reached XP level 6. HP: 46/49 MP: 6/6
  3346 | D:3      | Gained mutation: Your mind is acute. (Int +2) [potion of
                  | mutation]
  3346 | D:3      | Gained mutation: Your mind is very acute. (Int +4) [potion
                  | of mutation]
  3346 | D:3      | Gained mutation: You possess an exceptional clarity of
                  | mind. [potion of mutation]
  3615 | D:3      | Found a stormy altar of Qazlal.
  3620 | D:3      | Found a sacrificial altar of Ru.
  3621 | D:3      | Found an iron altar of Okawaru.
  3622 | D:3      | Found a hazy altar of Hepliaklqana.
  3627 | D:3      | Found a bloodstained altar of Trog.
  3630 | D:3      | Found a hide-covered altar of Uskayaw.
  3633 | D:3      | Became a worshipper of Warmaster Okawaru
  3633 | D:3      | Reached * piety under Okawaru
  3633 | D:3      | Reached ** piety under Okawaru
  3981 | D:4      | Noticed an ogre
  3992 | D:3      | Killed an ogre
  3992 | D:3      | Reached skill level 5 in Fighting
  3992 | D:3      | Reached skill level 6 in Polearms
  4401 | D:4      | Noticed an ogre
  4429 | D:3      | Reached XP level 7. HP: 28/56 MP: 7/7
  4725 | D:4      | Found a staircase to the Ecumenical Temple.
  4763 | D:4      | You fall into a shaft and drop 3 floors!
  4771 | D:7      | Found a stormy altar of Qazlal.
  4844 | D:7      | Splashed by a jelly's acid

Levels and vault maps discovered:
D:1:      mrwooster_arrival_statue_3, layout_loops_corners
D:2:      layout_loops_ring, gammafunk_temple_overflow_elements,
          chequers_serial_rivers_room_a, nemelex_spade_bored_becter,
          uniq_terence
D:3:      layout_rooms, minitemple, first_ration
D:4:      minmay_goblin_kobold_castle, layout_rooms,
          nemelex_xobeh_ov_fountains_minmay, minmay_temple_entry_stoned_glass,
          serial_shops, nicolae_shop_crystal, nicolae_dithmenos_the_darkroom
D:7:      layout_basic, serial_co_window_serial, co_window_paths_a,
          co_window_corner_a, co_window_paths_a, co_window_paths_b,
          co_window_paths_a, co_window_corner_b, co_window_broadway_b,
          co_window_cross_4, co_window_corner_b, co_window_broadway_a,
          co_window_2corner, co_window_paths_e, glass_columns_a, serial_shops,
          shop, basic_altar, uniq_pikel, uniq_harold, uniq_duvessa

Skill      XL: |  1  2  3  4  5  6 |
---------------+-------------------+-----
Polearms       | 4 5 6 |  6.4
Fighting       | 4 5 |  5.2
Dodging        | |  2.6
Stealth        | |  2.4

Action                   |  1- 3 |  4- 6 |  7- 9 || total
-------------------------+-------+-------+-------++-------
Melee: Spear             |    86 |   318 |    24 ||   428
       Unarmed           |    15 |       |       ||    15
 Abil: Dig               |       |       |     3 ||     3
  Use: Scroll            |     4 |     2 |     2 ||     8
       Potion            |       |     3 |     2 ||     5
 Stab: Sleeping          |     5 |       |       ||     5
  Eat: Chunk             |     1 |     6 |       ||     7
       Ration            |       |     2 |       ||     2
Armor: Robe              |     4 |       |       ||     4
       Leather armour    |     3 |       |       ||     3
       Skin              |     1 |    11 |       ||    12
       Chain mail        |     7 |       |       ||     7
       Plate armour      |       |   209 |     8 ||   217
Dodge: Dodged            |    47 |    64 |     5 ||   116
Block: Buckler           |       |    47 |     1 ||    48
